 Dungeon Crawl Stone Soup version 0.30-a0-52-g86a8295270 (webtiles) character file.

Game seed: 3873424502063303321

130 frimble the Trooper (level 4, -4/37 HPs)
             Began as a Demonspawn Cinder Acolyte on Sept 6, 2022.
             Was a High Priest of Ignis.
             Slain by an iguana (8 damage)
             ... on level 4 of the Dungeon.
             The game lasted 00:03:31 (2712 turns).

frimble the Trooper (Demonspawn Cinder Acolyte)     Turns: 2712, Time: 00:03:31

Health: -4/37      AC:  7    Str: 15    XL:     4   Next: 90%
Magic:  5/5        EV: 11    Int: 15    God:    Ignis [*****.]
Gold:   177        SH:  0    Dex: 10    Spells: 5/5 levels left

rFire   + . .      SeeInvis .    g - +0 dagger (vamp)
rCold   + . .      Faith    .    (no shield)
rNeg    . . .      Spirit   .    p - +1 leather armour {rC+}
rPois   +          Reflect  .    d - +1 hat
rElec   .          Harm     .    (no cloak)
rCorr   +          Rampage  .    (no gloves)
Will    .....                    (no boots)
Stlth   +.........               b - amulet of regeneration
HPRegen 0.92/turn                e - ring of resist corrosion
MPRegen 0.09/turn                j - ring of poison resistance

@: mighty, brilliant
A: molten scales 1, spiny 1
a: Renounce Religion, Fiery Armour, Foxfire Swarm, Rising Flame


You were on level 4 of the Dungeon.
You worshipped Ignis.
Ignis was extremely pleased with you.
You visited 1 branch of the dungeon, and saw 4 of its levels.

You collected 177 gold pieces.

Inventory:

Hand Weapons
 g - a +0 vampiric dagger (weapon)
Armour
 d - a +1 hat (worn)
 k - a +0 kite shield
 p - a +1 leather armour of cold resistance (worn)
Jewellery
 a - a ring of flight
 b - an amulet of regeneration (around neck)
 e - a ring of resist corrosion (left hand)
 j - a ring of poison resistance (right hand)
Scrolls
 i - a scroll of enchant weapon
 n - 6 scrolls of identify
 o - a scroll of torment
 s - 2 scrolls of immolation
Potions
 c - a potion of attraction
 l - a potion of lignification


   Skills:
 + Level 4.0 Fighting
 + Level 2.0 Short Blades
 + Level 2.0 Shields
 - Level 2.8 Unarmed Combat
 - Level 1.2 Spellcasting
 - Level 2.8 Fire Magic


You had 5 spell levels left.
You didn't know any spells.
Your spell library contained the following spells:

 Spells                   Type           Power      Damage    Failure   Level
 Scorch                   Fire           28%        2d6       14%         2


Dungeon Overview and Level Annotations

Branches:
Dungeon (4/15)
 Temple: D:4-7

Altars:


Innate Abilities, Weirdness & Mutations

You are partially covered in molten scales. (AC +2)
You are partially covered in sharp spines.


Message History

You completely miss the white imp.
The white imp is heavily wounded.
The white imp gestures at you. The puff of frost hits you. You resist.
You hit the white imp.
The white imp is severely wounded.
The white imp hits you. The white imp freezes you. You resist.
You hit the white imp.
You kill the white imp!
Your Shields skill increases to level 2!
You hit the orc but do no damage. The orc is struck by your spines.
The orc barely misses you.
You barely miss the orc.
The orc is heavily wounded.
The orc misses you.
You hit the orc.
You feel better.
The orc is heavily wounded.
The orc is struck by your spines. The orc hits you with a +0 flail.
You hit the orc.
You feel better.
You kill the orc!
You hit the iguana but do no damage.
The iguana is heavily wounded.
The iguana bites you!
You hit the iguana but do no damage.
The iguana is heavily wounded.
You aren't carrying any items that you can evoke.
You feel very mighty all of a sudden. The iguana is struck by your spines.
The iguana bites you.
* * * LOW HITPOINT WARNING * * *
You barely miss the iguana.
The iguana is heavily wounded.
The iguana is struck by your spines. The iguana bites you!
* * * LOW HITPOINT WARNING * * *
You barely miss the iguana.
The iguana is heavily wounded.
The iguana barely misses you.
You closely miss the iguana.
The iguana is heavily wounded.
The iguana is struck by your spines. The iguana bites you!
You die...

...... #....
#... #... #..#
#
#.....##..###.#
#...>..#!.†...#
####
......#......#
##...
#...###l###.#
#....
##...###@## #
####....
+.........#
.......#
#.........#
....#<
#.........#
.......# ..#
###..###..#
####.... ..#
##'###..# #....
..# +.......+
#...... ..#
#.......#
#...... ..#
#..##+###
#.>##..


You could see an iguana.

Vanquished Creatures
  A hound (D:4)
  4 adders
  A white imp (D:4)
  A dart slug (D:4)
  4 worms
  An orc (D:4)
  3 endoplasms
  2 giant cockroaches
  4 hobgoblins
  3 quokkas
  5 ball pythons
  4 bats
  A frilled lizard (D:3)
  3 goblins
  3 kobolds
  8 rats
48 creatures vanquished.

Notes
Turn   | Place    | Note
-------+----------+-------------------------------------------
     0 | D:1      | frimble the Demonspawn Cinder Acolyte began the quest for
                  | the Orb.
     0 | D:1      | Reached XP level 1. HP: 18/18 MP: 2/2
   353 | D:1      | Gained mutation: You are partially covered in sharp spines.
                  | [demonic ancestry]
   353 | D:1      | Reached XP level 2. HP: 24/24 MP: 3/3
   995 | D:2      | Reached skill level 1 in Short Blades
   995 | D:2      | Gained mutation: You are partially covered in molten
                  | scales. (AC +2) [demonic ancestry]
   995 | D:2      | Reached XP level 3. HP: 26/29 MP: 4/4
  1062 | D:2      | Reached skill level 1 in Shields
  1855 | D:3      | Found a faded altar of an unknown god.
  2270 | D:3      | Reached XP level 4. HP: 37/37 MP: 5/5
  2525 | D:4      | Noticed a scorpion
  2690 | D:4      | Reached skill level 4 in Fighting
  2712 | D:4      | Slain by an iguana

Illustrated notes

Levels and vault maps discovered:
D:1:      spicycebolla_green_bress_n_ham, layout_loops_ring, glass_columns_b
D:2:      layout_basic
D:3:      layout_basic, chequers_ecumenical_altar_twisty, nrook_mini_vaults
D:4:      black_bear_nest_1, layout_gridville, st_stairs_14

Skill      XL: |  1  2  3  4 |
---------------+-------------+-----
Short Blades   | 1 2 |  2.0
Shields        | 1 2 |  2.0
Fighting       | 4 |  4.0
Unarmed Combat | |  2.8
Spellcasting   | |  1.2
Fire Magic     | |  2.8

Action                   |  1- 3 |  4- 6 || total
-------------------------+-------+-------++-------
Melee: Unarmed           |    23 |       ||    23
       Dagger            |   137 |   104 ||   241
       Punch             |     3 |       ||     3
  Use: Scroll            |     5 |     4 ||     9
       Potion            |       |     9 ||     9
Armor: Robe              |    20 |       ||    20
       Leather armour    |    20 |    19 ||    39
       Skin              |       |    27 ||    27
Dodge: Dodged            |    76 |    46 ||   122

Table legend: (Time is in decaauts)
 A = Elapsed time spent in this place.
 B = Non-inter-level travel time spent in this place.
 C = Inter-level travel time spent in this place.
 D = Time resting spent in this place.
 E = Time spent auto-exploring this place.
 F = Levels seen in this place.
 G = Mean time per level.
                   A        B        C        D        E       F      G
               +--------+--------+--------+--------+--------+-----+--------+
         Total |   2694 |   2555 |    139 |    135 |   1928 |   4 |  673.5 |
       Dungeon |   2694 |   2555 |    139 |    135 |   1928 |   4 |  673.5 |
               +--------+--------+--------+--------+--------+-----+--------+

Top non-repeatable levels by time:
     D:3: 884 daAuts
     D:2: 848 daAuts
     D:1: 777 daAuts
     D:4: 184 daAuts
